 Dungeon Sprint DCSS version 0.26-a0-958-gf3041fb45f (webtiles) character file.

Game seed: 10802075332111072855

7208 iamoutofideas the Eclecticist (level 10, -2/50 HPs)
             Began as a Deep Elf Fire Elementalist on Dec 2, 2020.
             Was the Champion of Vehumet.
             Killed from afar by a deep elf knight (27 damage)
             ... with a shard of ice
             ... in the Dungeon (Sprint III: "The Ten Rune Challenge").
             The game lasted 00:06:34 (2038 turns).

iamoutofideas the Eclecticist (DEFE)                Turns: 2038, Time: 00:06:35

Health: -2/50      AC:  4    Str:  5    XL:     10   Next: 87%
Magic:  26/34      EV: 14    Int: 24    God:    Vehumet [******]
Gold:   4213       SH:  0    Dex: 15    Spells: 12/46 levels left

rFire    . . .     SeeInvis .   j - +4 club
rCold    + . .     Faith    .   (no shield)
rNeg     . . .     Spirit   .   i - +2 robe {rC+}
rPois    .         Reflect  .   (no helmet)
rElec    .         Harm     .   (no cloak)
rCorr    .         Rampage  .   (no gloves)
MR       +....     NoTele   +   (no boots)
Stlth    ++........             (no amulet)
HPRegen  0.16/turn              (no ring)
MPRegen  0.24/turn              (no ring)

@: no status effects
A: sense surroundings 1
a: Renounce Religion


You were in the Dungeon.
You worshipped Vehumet.
Vehumet was exalted by your worship.
You visited 1 branch You collected 4213 gold pieces.

Inventory:

Hand Weapons
 j - a +4 club (weapon)
Armour
 a - a +0 robe
 i - a +2 robe of cold resistance (worn)
 t - a +2 robe of magic resistance
Wands
 r - a wand of paralysis (9)
Scrolls
 h - a scroll of blinking
 k - a scroll of holy word {unknown}
 l - 3 scrolls of identify
 m - 2 scrolls of remove curse
 o - a scroll of immolation {unknown}
 p - a scroll of enchant weapon {unknown}
Potions
 b - 2 potions of brilliance {unknown}
 c - a potion of curing
 d - 2 potions of heal wounds
 e - a potion of haste
 f - 2 potions of magic
 g - 2 potions of berserk rage
 n - 3 potions of mutation
 q - a potion of flight {unknown}
Miscellaneous
 s - a phial of floods


   Skills:
 + Level 3.5 Dodging
 - Level 3.4 Stealth
 + Level 18.6 Spellcasting
 + Level 15.6 Conjurations
 + Level 16.0 Fire Magic
 + Level 1.3 Ice Magic


You had 12 spell levels left.
You knew the following spells:

 Your Spells              Type           Power        Failure   Level
a - Foxfire               Conj/Fire      ####         0%          1
b - Conjure Flame         Conj/Fire      #######.     0%          3
c - Sticky Flame          Conj/Fire      #######.     1%          4
d - Fireball              Conj/Fire      #######...   1%          5
e - Mephitic Cloud        Conj/Pois/Air  #####...     1%          3
f - Frozen Ramparts       Ice            ####..       1%          3
g - Lee's Rapid Deconstr  Erth           ###.......   16%         5
h - Lightning Bolt        Conj/Air       ######....   1%          5
i - Yara's Violent Unrav  Hex/Tmut       ###.......   16%         5

Your spell library contained the following spells:

 Spells                   Type           Power        Failure   Level
 Inner Flame              Hex/Fire       ######..     1%          3
 Confusing Touch          Hex            ###.....     6%          3
 Gell's Gravitas          Tloc           ###.......   6%          3
 Petrify                  Tmut/Erth      ###.....     22%         4
 Metabolic Englaciation   Hex/Ice        ####......   41%         5


Dungeon Overview and Level Annotations

Branches:
Dungeon (1/1)

Altars:
Cheibriados
Dithmenos
Elyvilon
Fedhas
Gozag
Hepliaklqana
Kikubaaqudgha
Makhleb
Nemelex Xobeh
Okawaru
Qazlal
Ru
Sif Muna
Trog
Uskayaw
Vehumet
Wu Jian
Xom
Yredelemnul
Zin
The Shining One
Beogh
Jiyva
Lugonu

Shops:
D :


Innate Abilities, Weirdness & Mutations

You passively map a small area around you.


Message History

Okay, then.
Casting: Lightning Bolt (dangerous; 1% risk of failure)
Confirm with . or Enter, or press ? or * to list all spells.
Aiming: Mephitic Cloud (safe; 1% risk of failure)
Press: ? - help, Shift-Dir - straight line, f - deep elf knight
Aim: a deep elf knight, wielding a +0 short sword, wearing a +0 leather armour and wearing a +0 buckler (severely wounded)
The ball explodes into a vile cloud!
The stinking cloud engulfs the deep elf knight but does no damage.
The deep elf knight is severely wounded.
The stinking cloud engulfs the deep elf mage but does no damage. x2
The stinking cloud engulfs the deep elf knight but does no damage.
You hear a shout!
The deep elf knight is engulfed in noxious fumes.
The deep elf mage is engulfed in noxious fumes.
The deep elf mage appears confused.
The deep elf knight is engulfed in noxious fumes.
The deep elf knight points at you and mumbles some strange words.
The shard of ice hits you!! You partially resist.
Ouch! That really hurt!
You die...

▓▓▓▓▓▓
######.##.############ *
_#__##∩...##...'.#...# ,
.#._#...)).....#.#...##≈
##'##.))))....##.#ee.≈≈≈
.)..#..))†....##.#e§e##≈
....#)).##.#.###@§☼e.# , ,
###'#.#######.########*
#...#(#####################
#...#....#.#.#.....#......+
#...##.#))#.##.###.#^.....#
#...'##.#.#.##.#.)##^.^^..#
≈
'...#...#..#..##.)'.......#
▓▓▓▓▓▓▓▓▓▓▓▓▓▓▓▓▓▓#.^...^.#
♣≈≈≈........≈≈≈...#......^#


You could see 2 deep elf knights and 3 deep elf magi.

Vanquished Creatures
  Dowan (D)
  Erolcha (D)
  2 orc high priests (D)
  An orc knight (D)
  A deep elf mage (D)
  Duvessa (D)
  3 wandering mushrooms (D)
  2 redbacks (D)
  A shadow (D)
  A spatial vortex (D)
  An orc warrior (D)
  A necrophage (D)
  5 two-headed ogres (D)
  A water elemental (D)
  A jelly (D)
  3 orc priests (D)
  A wizard (D)
  4 orc wizards (D)
  Jessica (D)
  A necromancer (D)
  A kobold demonologist (D)
  3 humans (D)
  A phantom (D)
  6 orcs (D)
  4 rats (D)
48 creatures vanquished.

Vanquished Creatures (others)
  A hydra (D)
  A hellion (D)
  81 foxfires (D)
  4 plants (D)
87 creatures vanquished.

Grand Total: 135 creatures vanquished

Notes
Turn   | Place    | Note
-------+----------+-------------------------------------------
     0 | D        | iamoutofideas the Deep Elf Fire Elementalist began the
                  | quest for the Orb.
     0 | D        | Reached XP level 1. HP: 10/10 MP: 6/6
    58 | D        | Noticed Jessica
    63 | D        | Killed Jessica
    64 | D        | Reached skill level 4 in Spellcasting
    64 | D        | Reached skill level 5 in Fire Magic
    64 | D        | Reached XP level 2. HP: 15/15 MP: 1/9
   227 | D        | Killed a six-headed hydra
   249 | D        | Reached skill level 5 in Spellcasting
   249 | D        | Reached XP level 3. HP: 17/19 MP: 1/11
   355 | D        | Gained mutation: You are partially covered in molten
                  | scales. (AC +2) [potion of mutation]
   355 | D        | Gained mutation: You occasionally shout uncontrollably at
                  | your foes. [potion of mutation]
   355 | D        | Gained mutation: You are resistant to electric shocks.
                  | (rElec) [potion of mutation]
   356 | D        | Lost mutation: You occasionally shout uncontrollably at
                  | your foes. [potion of mutation]
   356 | D        | Lost mutation: You are partially covered in molten scales.
                  | (AC +2) [potion of mutation]
   356 | D        | Lost mutation: You are resistant to electric shocks.
                  | (rElec) [potion of mutation]
   356 | D        | Gained mutation: You passively map a small area around you.
                  | [potion of mutation]
   386 | D        | Learned a level 3 spell: Conjure Flame
   386 | D        | Noticed a water elemental
   389 | D        | Killed a water elemental
   390 | D        | Reached skill level 6 in Spellcasting
   390 | D        | Reached XP level 4. HP: 24/24 MP: 8/14
   441 | D        | Found a basalt altar of Yredelemnul.
   441 | D        | Found a shadowy altar of Dithmenos.
   441 | D        | Found a sacrificial altar of Ru.
   441 | D        | Noticed a necrophage
   449 | D        | Killed a necrophage
   450 | D        | Reached skill level 8 in Spellcasting
   450 | D        | Reached XP level 5. HP: 19/28 MP: 9/18
   524 | D        | Learned a level 4 spell: Sticky Flame
   530 | D        | Learned a level 5 spell: Fireball
   567 | D        | Found a radiant altar of Vehumet.
   567 | D        | Found a shimmering blue altar of Sif Muna.
   567 | D        | Found an ancient bone altar of Kikubaaqudgha.
   570 | D        | Reached skill level 9 in Spellcasting
   580 | D        | Became a worshipper of Vehumet
   655 | D        | Found a glowing silver altar of Zin.
   655 | D        | Found a glowing golden altar of the Shining One.
   655 | D        | Found a white marble altar of Elyvilon.
   657 | D        | Noticed a deep elf mage
   658 | D        | Killed a deep elf mage
   659 | D        | Reached skill level 11 in Spellcasting
   659 | D        | Reached XP level 6. HP: 32/32 MP: 3/22
   659 | D        | Reached XP level 7. HP: 36/36 MP: 3/24
   671 | D        | Killed a hellion
   772 | D        | Found a hide-covered altar of Uskayaw.
   772 | D        | Found a roughly hewn altar of Beogh.
   772 | D        | Found an iron altar of Okawaru.
   772 | D        | Found a bloodstained altar of Trog.
   772 | D        | Found an ornate altar of the Wu Jian Council.
   772 | D        | Noticed a human
   773 | D        | Noticed a human
   774 | D        | Killed a human
   775 | D        | Reached skill level 12 in Spellcasting
   775 | D        | Reached skill level 10 in Conjurations
   775 | D        | Killed a human
   775 | D        | Reached * piety under Vehumet
   775 | D        | Offered knowledge of Shock by Vehumet.
   877 | D        | Noticed a shadow
   879 | D        | Killed a shadow
   880 | D        | Reached skill level 13 in Spellcasting
   880 | D        | Reached XP level 8. HP: 41/41 MP: 10/27
   969 | D        | Found a blossoming altar of Fedhas.
   969 | D        | Found a stormy altar of Qazlal.
   969 | D        | Found a snail-covered altar of Cheibriados.
   969 | D        | Found a burning altar of Makhleb.
   969 | D        | Found a shimmering altar of Xom.
   970 | D        | Found a hazy altar of Hepliaklqana.
   970 | D        | Found an opulent altar of Gozag.
   970 | D        | Found a sparkling altar of Nemelex Xobeh.
   970 | D        | Found a corrupted altar of Lugonu.
   970 | D        | Found a viscous altar of Jiyva.
   994 | D        | Offered knowledge of Sandblast by Vehumet.
   994 | D        | Reached ** piety under Vehumet
  1100 | D        | Noticed a two-headed ogre
  1143 | D        | Killed a two-headed ogre
  1143 | D        | Offered knowledge of Mephitic Cloud by Vehumet.
  1143 | D        | Reached *** piety under Vehumet
  1144 | D        | Reached skill level 14 in Spellcasting
  1148 | D        | Learned a level 3 spell: Mephitic Cloud
  1445 | D        | Noticed a two-headed ogre
  1445 | D        | Noticed Erolcha
  1449 | D        | Offered knowledge of Frozen Ramparts by Vehumet.
  1450 | D        | Reached XP level 9. HP: 43/45 MP: 18/29
  1450 | D        | Killed Erolcha
  1450 | D        | Killed a two-headed ogre
  1450 | D        | Reached **** piety under Vehumet
  1451 | D        | Reached skill level 15 in Spellcasting
  1515 | D        | Learned a level 3 spell: Frozen Ramparts
  1520 | D        | Noticed a wandering mushroom
  1527 | D        | Killed a wandering mushroom
  1527 | D        | Offered knowledge of Lee's Rapid Deconstruction by Vehumet.
  1528 | D        | Reached skill level 16 in Spellcasting
  1587 | D        | Noticed a wandering mushroom
  1589 | D        | Noticed a wandering mushroom
  1598 | D        | Learned a level 5 spell: Lee's Rapid Deconstruction
  1598 | D        | Killed a wandering mushroom
  1608 | D        | Killed a wandering mushroom
  1737 | D        | Noticed Duvessa
  1738 | D        | Noticed Dowan
  1744 | D        | Killed Duvessa
  1745 | D        | Reached XP level 10. HP: 40/50 MP: 6/32
  1747 | D        | Killed Dowan
  1747 | D        | Reached ***** piety under Vehumet
  1747 | D        | Offered knowledge of Airstrike by Vehumet.
  1748 | D        | Reached skill level 17 in Spellcasting
  1748 | D        | Reached skill level 15 in Fire Magic
  1906 | D        | Found Ivvapro's Book Boutique.
  1907 | D        | Noticed an orc high priest
  1907 | D        | Noticed an orc knight
  1913 | D        | Noticed a rust devil
  1913 | D        | Killed an orc knight
  1913 | D        | Noticed an orc high priest
  1914 | D        | Reached skill level 18 in Spellcasting
  1914 | D        | Reached skill level 15 in Conjurations
  1915 | D        | Killed an orc high priest
  1916 | D        | Reached skill level 1 in Ice Magic
  1916 | D        | Killed an orc high priest
  1916 | D        | Reached ****** piety under Vehumet
  1919 | D        | Offered knowledge of Lightning Bolt by Vehumet.
  2023 | D        | Learned a level 5 spell: Lightning Bolt
  2029 | D        | Learned a level 5 spell: Yara's Violent Unravelling
  2029 | D        | Noticed a deep elf knight
  2029 | D        | Noticed a deep elf knight
  2029 | D        | Noticed a deep elf mage
  2029 | D        | Noticed a deep elf mage
  2029 | D        | Noticed a deep elf mage
  2038 | D        | Killed from afar by a deep elf knight

Illustrated notes

Levels and vault maps discovered:
D:        dungeon_sprint_mu [sprint_mu_entry_forest, sprint_mu_temple_rooms,
          sprint_mu_d1_spiders, sprint_mu_d2_genie, sprint_mu_d3_branching,
          sprint_mu_orc_legion, sprint_mu_elf_gauntlet, sprint_mu_hive_nellie,
          sprint_mu_lair_fedhas, sprint_mu_vaults_butterflies,
          sprint_mu_slime_circle, sprint_mu_swamp_cave, sprint_mu_shoals_kraken,
          sprint_mu_blade_basic, sprint_mu_crypt_chambers,
          sprint_mu_tomb_spiral, sprint_mu_vestibule_basic,
          sprint_mu_gehenna_hellfire, sprint_mu_dis_giant,
          sprint_mu_tartarus_statrot, sprint_mu_cocytus_islands, sprint_mu_zot1]

Skill      XL: |  1  2  3  4  5  6  7  8  9 10 |
---------------+-------------------------------+-----
Fire Magic     | 5 6 7 8 11 12 13 14 16 | 16.0
Dodging        | 3 |  3.5
Stealth        | 3 |  3.4
Spellcasting   | 4 5 6 8 11 13 14 16 18 | 18.6
Conjurations   | 2 4 6 9 10 12 13 15 | 15.6
Ice Magic      | 1 |  1.3

Action                   |  1- 3 |  4- 6 |  7- 9 | 10-12 || total
-------------------------+-------+-------+-------+-------++-------
Melee: Club              |       |       |     1 |       ||     1
 Cast: Foxfire           |    26 |     9 |    21 |     1 ||    57
       Fireball          |       |     4 |    27 |     9 ||    40
       Sticky Flame      |       |     2 |     2 |     1 ||     5
       Mephitic Cloud    |       |       |     2 |     2 ||     4
       Lightning Bolt    |       |       |       |     1 ||     1
       Frozen Ramparts   |       |       |       |     1 ||     1
  Use: Potion            |     2 |       |       |       ||     2
Armor: Robe              |     1 |       |     1 |       ||     2
Dodge: Dodged            |     4 |     4 |    10 |     2 ||    20

Table legend: (Time is in decaauts)
 A = Elapsed time spent in this place.
 B = Non-inter-level travel time spent in this place.
 C = Inter-level travel time spent in this place.
 D = Time resting spent in this place.
 E = Time spent auto-exploring this place.
 F = Levels seen in this place.
 G = Mean time per level.
                   A        B        C        D        E       F      G
               +--------+--------+--------+--------+--------+-----+--------+
         Total |   2063 |   2007 |     56 |   1350 |     50 |   1 | 2063.0 |
       Dungeon |   2063 |   2007 |     56 |   1350 |     50 |   1 | 2063.0 |
               +--------+--------+--------+--------+--------+-----+--------+

Top non-repeatable levels by time:
       D: 2063 daAuts
